 Dungeon Crawl Stone Soup version 0.16-a0-621-gdc21f72 (webtiles) character file.

66 PolkaDot the Caller (level 3, -4/24 HPs)
             Began as a Vampire Summoner on Sept 17, 2014.
             Slain by a gnoll
             ... wielding a +0 halberd
              (11 damage)
             ... on Level 2 of the Dungeon.
             The game lasted 00:02:42 (1885 turns).

PolkaDot the Caller (Vampire Summoner)              Turns: 1885, Time: 00:02:42

HP  -4/24        AC  2     Str 12      XL: 3   Next: 96%
MP   6/6         EV 12     Int 18      God:
Gold 71          SH  0     Dex 14      Spells:  1 memorised,  5 levels left

rFire  x . .     SeeInvis +     o - +1 spear (flame)
rCold  + . .     Clarity  .     a - +0 robe
rNeg   . . .     rCorr    .     (no shield)
rPois  .         rRot     .     (no helmet)
rElec  .         Spirit   .     (no cloak)
SustAb .         Warding  .     (no gloves)
rMut   .         Stasis   .     (no boots)
Gourm  .                        (no amulet)
MR     +....                    l - ring of ice
                                c - ring of protection from magic

@: mighty, regenerating quickly, somewhat resistant to hostile enchantments,
unstealthy
A: fangs 3, see invisible, unbreathing
a: no special abilities


You were on level 2 of the Dungeon.
You were full.

You visited 1 branch of the dungeon, and saw 2 of its levels.

You collected 71 gold pieces.

Inventory:

Hand weapons
 o - a +1 spear of flaming (weapon)
Armour
 a - a +0 robe (worn)
Scrolls
 d - a scroll of amnesia {unknown}
 f - 2 scrolls of remove curse {unknown}
 g - a scroll of recharging {unknown}
 j - 2 scrolls of identify {unknown}
 n - a scroll of enchant armour {unknown}
 p - 2 scrolls of teleportation {unknown}
Jewellery
 c - a ring of protection from magic (left hand)
 l - a ring of ice (right hand)
 m - an uncursed amulet of guardian spirit {unknown}
Potions
 e - a potion of restore abilities {unknown}
 h - a potion of heal wounds
 i - a potion of might
 k - a potion of curing {unknown}
Books
 b - a book of Callings

   Spells                             Type                      Level
   *Summon Small Mammal               Summoning                    1
   Call Imp                           Summoning                    2
   Call Canine Familiar               Summoning                    3
   Summon Guardian Golem              Hexes/Summoning              4
   Summon Lightning Spire             Summoning/Air                4
   Summon Ice Beast                   Ice/Summoning                4


   Skills:
 - Level 2.1 Dodging
 - Level 3.0 Stealth
 - Level 2.0 Spellcasting
 * Level 5.6 Summonings


You had 5 spell levels left.
You knew the following spells:

 Your Spells              Type           Power        Failure   Level  Hunger
a - Summon Small Mammal   Summ           ###.         1%          1    #......


Dungeon Overview and Level Annotations

Branches:
Dungeon (2/15)

Altars:
Ru


Innate Abilities, Weirdness & Mutations

Your natural rate of healing is unusually fast.
You have razor-sharp teeth.
You have supernaturally acute eyesight.
You can survive without breathing.


Message History

Aim: a gnoll, wielding a halberd You reach to attack!
You closely miss the gnoll. The gnoll barely misses you.
Attack whom?
Press: ? - help, Dir - move target cursor, f/p - gnoll
Aim: a gnoll, wielding a halberd You reach to attack!
You barely miss the gnoll.
The gnoll hits you from afar with a halberd!
* * * LOW HITPOINT WARNING * * *
Attack whom?
Press: ? - help, Dir - move target cursor, f/p - gnoll
Aim: a gnoll, wielding a halberd You reach to attack!
You completely miss the gnoll. The gnoll barely misses you.
Attack whom?
Press: ? - help, Dir - move target cursor, f/p - gnoll
Aim: a gnoll, wielding a halberd You reach to attack!
You hit the gnoll. You burn the gnoll.
The gnoll is heavily wounded.
The gnoll hits you from afar with a halberd!
You die...

##.#.#.##...#.#.## #.#
#.#........#.#.# #.#
#.#.#####..#.#.###########.#
#.#.# #..#.#.#...........#
#.#.# #..#.#.#.###########
#.#.# #..#.#.#.# #.#.#
#..#.#.#.#
#.#.#####....#.#.############
#.#..........#.@.gg.........#
##.#######.##.#.#.#######.####
...........##.#.<.#
##.##########.....# #.#
###...# #.# #...# #.# #...#
#.# #...# #.# ##.########


You could see 2 gnolls.

Vanquished Creatures
  2 gnolls (D:2)
  An adder (D:2)
  4 bats
  A giant cockroach (D:2)
  4 hobgoblins
  2 kobolds
  A quokka (D:2)
  2 giant newts (D:2)
  3 goblins
  2 rats (D:2)
22 creatures vanquished.

Vanquished Creatures (collateral kills)
  2 adders (D:2)
  A kobold (D:1)
  A giant newt (D:1)
4 creatures vanquished.

Grand Total: 26 creatures vanquished

Notes
Turn   | Place    | Note
--------------------------------------------------------------
     0 | D:1      | PolkaDot, the Vampire Summoner, began the quest for the Orb.
     0 | D:1      | Reached XP level 1. HP: 13/13 MP: 3/3
   742 | D:1      | Reached XP level 2. HP: 19/19 MP: 4/4
  1276 | D:2      | Reached skill level 5 in Summonings
  1276 | D:2      | Reached XP level 3. HP: 10/24 MP: 1/6
  1388 | D:2      | Found a sacrificial altar of Ru.
  1406 | D:2      | HP: 1/24 [adder (2)]
  1885 | D:2      | Slain by a gnoll

Action                   || total
-------------------------++-------
Melee: Dagger            ||    25
       Spear             ||    43
 Cast: Summon Small Mamm ||     7
  Use: Potion            ||     3
 Stab: Sleeping          ||     6
  Eat: Corpse            ||     9
